 Dungeon Crawl Stone Soup version 0.27-a0-681-g0c81a3c1c3 (webtiles) character file.

Game seed: 4048423938563209084

121 robertstho the Ruffian (level 5, 0/36 HPs)
             Began as an Octopode Berserker on Mar 19, 2021.
             Was a Believer of Trog.
             Slain by Sigmund
             ... wielding a +0 scythe of freezing
              (1 damage)
             ... on level 3 of the Dungeon.
             The game lasted 00:03:01 (2777 turns).

robertstho the Ruffian (Octopode Berserker)         Turns: 2777, Time: 00:03:01

Health: 0/36       AC:  2    Str: 17    XL:     5   Next: 5%
Magic:  14/14      EV: 13    Int:  9    God:    Trog [**....]
Gold:   137        SH:  0    Dex:  6    Spells: 4/4 levels left

rFire    + + .     SeeInvis .     - Unarmed
rCold    . . .     Faith    .   (no shield)
rNeg     . . .     Spirit   .   (helmet restricted)
rPois    .         Reflect  .   f - amulet of the acrobat
rElec    .         Harm     .   a - ring of protection from fire
rCorr    .         Rampage  .   d - ring of Fallacy {+Fly MP+9 Dex-4 Slay+4}
Will     .....                  (no ring)
Stlth    ++........             (no ring)
HPRegen  0.12/turn              (no ring)
MPRegen  0.14/turn              (no ring)
                                (no ring)
                                (no ring)

@: confused, mighty, hasted, very quick
A: almost no armour, amphibious, 8 rings, camouflage 1, gelatinous body 1,
nimble swimmer 1, tentacles, tentacle spike 1, clumsy 1, fire resistance 1,
shaggy fur 1
a: Renounce Religion, Evoke Flight, Berserk, Trog's Hand


You were on level 3 of the Dungeon.
You worshipped Trog.
Trog was pleased with you.
You visited 1 branch of the dungeon, and saw 3 of its levels.

You collected 137 gold pieces.

Inventory:

Jewellery
 a - a ring of protection from fire (left tentacle)
 d - the ring of Fallacy (right tentacle) {+Fly MP+9 Dex-4 Slay+4}
   (You acquired it on level 3 of the Dungeon)

   [ring of magical power]

   It affects your dexterity (-4).
   It affects your accuracy and damage with ranged weapons and melee attacks
   (+4).
   It affects your magic capacity (+9).
   It lets you fly.
 f - an amulet of the acrobat (around mantle)
Scrolls
 c - a scroll of amnesia {unknown}
 h - a scroll of blinking {unknown}


   Skills:
 * Level 3.5 Fighting
 * Level 3.6 Dodging
 * Level 3.3 Stealth
 * Level 4.0 Unarmed Combat


You had 4 spell levels left.
You didn't know any spells.
Your spell library was empty.

Dungeon Overview and Level Annotations

Branches:
Dungeon (3/15)

Altars:
The Shining One

Shops:
D:1 (

Annotations:
D:3 Sigmund


Innate Abilities, Weirdness & Mutations

You cannot wear most types of armour.
You are amphibious.
You can wear up to eight rings at the same time.
Your skin changes colour to match your surroundings (Stealth+).
Your rubbery body absorbs attacks. (AC +1, EV +1)
You are stealthy while swimming. (Stealth+)
You have tentacles for arms and can constrict up to eight enemies at once.
One of your tentacles bears a spike.
You are clumsy. (Dex -2)
Your flesh is heat resistant. (rF+)
You are covered in fur. (AC +1)


Message History

Sigmund is nearby!
Sigmund is nearby!
Sigmund is nearby!
Sigmund shouts!
Sigmund points at you and mumbles some strange words.
You are confused.
You are too confused!
You are too confused!
You are too confused!
You bump into the rock wall.
You bump into the rock wall.
Sigmund closely misses you.
You bump into the rock wall.
Sigmund barely misses you.
You bump into the rock wall.
Sigmund hits you from afar with a +0 scythe of freezing.
Sigmund freezes you.
Sigmund gestures at himself while chanting.
Sigmund flickers and vanishes!
Deactivating autopickup; reactivate with Ctrl-A.
You're too confused to move!
You feel less confused.
A magic dart appears from out of thin air!
The magic dart hits you.
You are confused.
It was a potion of mutation.
You feel extremely strange.
One of your lower tentacles grows a sharp spike.
You feel resistant to heat.
You feel clumsy. Fur sprouts all over your body. Something barely misses you.
It was a potion of might.
You feel very mighty all of a sudden. Something hits you!
Something freezes you.
You are too confused!
You bump into the rock wall.
Something hits you!
* * * LOW HITPOINT WARNING * * *
Something freezes you.
* * * LOW HITPOINT WARNING * * *
You feel yourself speed up. Something hits you.
* * * LOW HITPOINT WARNING * * *
Something freezes you.
You die...

...........'...........##.#
...........##############.#
...................)......#
######.##..################
#.##..#
######.##..###############
...........>.............#
.....#.#...#############.#
#..#.#.#........@......#.#
##.#.#.#.#.###########.#.#
#.#.#............ #.#
#...###.#.######[ #.# ##..#
#.#.# # #.# ###..###.#.#
###.# #.#
#.....##.#รท##...... #.#
'.....##....+...... #.#
#.....##.#.##....l. #.#


There were no monsters in sight!

Vanquished Creatures
  2 adders
  3 oozes
  3 worms
  2 dart slugs (D:3)
  An orc (D:3)
  3 giant cockroaches
  12 hobgoblins
  3 jackals (D:2)
  3 quokkas (D:2)
  A ball python (D:1)
  6 bats
  2 frilled lizards
  9 goblins
  13 kobolds
  9 rats
72 creatures vanquished.

Notes
Turn   | Place    | Note
-------+----------+-------------------------------------------
     0 | D:1      | robertstho the Octopode Berserker began the quest for the
                  | Orb.
     0 | D:1      | Reached XP level 1. HP: 16/16 MP: 1/1
    42 | D:1      | Reached XP level 2. HP: 6/21 MP: 2/2
   430 | D:1      | Found Fecluped's Weapon Shoppe.
   775 | D:1      | Reached XP level 3. HP: 24/26 MP: 3/3
   839 | D:1      | Reached skill level 1 in Stealth
  1214 | D:2      | Reached ** piety under Trog
  1304 | D:2      | Found a glowing golden altar of the Shining One.
  1452 | D:2      | Reached XP level 4. HP: 15/31 MP: 4/4
  2084 | D:3      | Identified a scroll of acquirement
  2085 | D:3      | Acquired the ring of Fallacy {+Fly MP+9 Dex-4 Slay+4}
  2454 | D:3      | Reached skill level 4 in Unarmed Combat
  2522 | D:3      | Reached XP level 5. HP: 36/36 MP: 5/5
  2761 | D:3      | Noticed Sigmund
  2774 | D:3      | Gained mutation: One of your tentacles bears a spike.
                  | [potion of mutation]
  2774 | D:3      | Gained mutation: Your flesh is heat resistant. (rF+)
                  | [potion of mutation]
  2774 | D:3      | Gained mutation: You are clumsy. (Dex -2) [potion of
                  | mutation]
  2774 | D:3      | Gained mutation: You are covered in fur. (AC +1) [potion of
                  | mutation]
  2777 | D:3      | HP: 1/36 [something (1)]
  2777 | D:3      | Slain by Sigmund

Illustrated notes

Levels and vault maps discovered:
D:1:      evilmike_arrival_hilbert_curve, layout_basic, serial_shops, shop
D:2:      layout_rooms, nicolae_tso_carved_into_rock, minmay_3d_cube
D:3:      layout_basic, uniq_sigmund

Skill      XL: |  1  2  3  4 |
---------------+-------------+-----
Stealth        | 2 3 |  3.3
Unarmed Combat | 4 |  4.0
Fighting       | |  3.5
Dodging        | |  3.6

Action                   |  1- 3 |  4- 6 || total
-------------------------+-------+-------++-------
Melee: Unarmed           |    87 |    43 ||   130
       Constrict         |    21 |    13 ||    34
       Tentacles         |    11 |     9 ||    20
       Punch             |     4 |     3 ||     7
Invok: Berserk           |     2 |       ||     2
  Use: Scroll            |       |     3 ||     3
       Potion            |       |     3 ||     3
 Stab: Sleeping          |    14 |     5 ||    19
Armor: Skin              |     8 |       ||     8
Dodge: Dodged            |    45 |    29 ||    74

Table legend: (Time is in decaauts)
 A = Elapsed time spent in this place.
 B = Non-inter-level travel time spent in this place.
 C = Inter-level travel time spent in this place.
 D = Time resting spent in this place.
 E = Time spent auto-exploring this place.
 F = Levels seen in this place.
 G = Mean time per level.
                   A        B        C        D        E       F      G
               +--------+--------+--------+--------+--------+-----+--------+
         Total |   2780 |   2718 |     62 |      0 |   2318 |   3 |  926.7 |
       Dungeon |   2780 |   2718 |     62 |      0 |   2318 |   3 |  926.7 |
               +--------+--------+--------+--------+--------+-----+--------+

Top non-repeatable levels by time:
     D:1: 1137 daAuts
     D:2: 950 daAuts
     D:3: 693 daAuts
